 Dungeon Crawl Stone Soup version 0.19.0-19-g8c6edcc (webtiles) character file.

235 Minion the Chopper (level 5, -6/46 HPs)
             Began as a Draconian Fighter on Nov 16, 2016.
             Was an Initiate of the Shining One.
             Mangled by gungar's ghost (8 damage)
             ... on level 4 of the Dungeon.
             The game lasted 00:11:59 (3748 turns).

Minion the Chopper (Draconian Fighter)              Turns: 3748, Time: 00:11:59

Health: -6/46      AC:  9    Str: 18    XL:     5   Next: 76%
Magic:  5/5        EV: 14    Int:  2    God:    the Shining One [......]
Gold:   164        SH:  0    Dex: 15    Spells: 0 memorised, 4 levels left

rFire  . . .     SeeInvis .     s - +2 trident (pierce)
rCold  . . .     Gourm    .     (armour unavailable)
rNeg   . . .     Faith    +     (no shield)
rPois  .         Spirit   .     (helmet restricted)
rElec  .         Reflect  .     f - +0 cloak
rCorr  .         Harm     .     q - +1 pair of gloves
MR     .....                    k - +0 pair of boots
Stlth  +.........               j - amulet of faith
                                i - -6 ring of intelligence (curse)
                                g - +3 ring of dexterity

@: glowing
A: unfitting armour, cold-blooded, AC +5
a: Renounce Religion


You were on level 4 of the Dungeon.
You worshipped the Shining One.
The Shining One was noncommittal.
You were not hungry.

You visited 1 branch of the dungeon, and saw 4 of its levels.

You collected 164 gold pieces.

Inventory:

Hand Weapons
 a - a +0 war axe
 s - a +2 trident of piercing (weapon)
Armour
 f - a +0 cloak (worn)
 k - a +0 pair of boots (worn)
 q - a +1 pair of gloves (worn)
Jewellery
 g - a +3 ring of dexterity (left hand)
 i - a cursed -6 ring of intelligence (right hand)
 j - an amulet of faith (around neck)
 t - a +2 ring of protection
Wands
 p - a wand of slowing (33/48)
Scrolls
 e - 2 scrolls of identify
Potions
 c - 2 potions of might
 h - 3 potions of curing
 l - a potion of agility {unknown}
 m - a potion of resistance {unknown}
 u - a potion of brilliance {unknown}
 v - a potion of heal wounds {unknown}
Books
 w - a book of Necromancy

   Spells                             Type                      Level
   a - Pain                           Necromancy                   1
   b - Animate Skeleton               Necromancy                   1
   c - Vampiric Draining              Necromancy                   3
   d - Regeneration                   Charms/Necromancy            3
   e - Animate Dead                   Necromancy                   4
   f - Control Undead                 Necromancy                   4
   The Shining One disapproves of the use of such an item.
Comestibles
 b - 4 meat rations
 d - 3 bread rations
 n - 2 royal jellies
 r - 5 fruits


   Skills:
 + Level 4.2 Fighting
 * Level 4.7 Axes
 + Level 3.7 Dodging
   Level 3.0 Shields


You had 4 spell levels left.
You didn't know any spells.

Dungeon Overview and Level Annotations

Branches:
Dungeon (4/15)             Temple (0/1) D:4

Altars:
Ashenzari
Trog
Yredelemnul
The Shining One

Annotations:
D:4 gungar's ghost, amateur TrBe


Innate Abilities, Weirdness & Mutations

Your plain brown scales are hard. (AC +5)
You cannot fit into any form of body armour.
You are cold-blooded and may be slowed by cold attacks.


Message History

You reach to attack!
You puncture gungar's ghost!
Gungar's ghost is lightly damaged.
You hit gungar's ghost but do no damage.
You tail-slap gungar's ghost, but do no damage.
Gungar's ghost is lightly damaged.
Gungar's ghost barely misses you.
You hit gungar's ghost but do no damage.
Your tail-slap misses gungar's ghost.
Gungar's ghost is lightly damaged.
Gungar's ghost hits you!
You hit gungar's ghost.
Gungar's ghost is moderately damaged.
Gungar's ghost whispers, "Everlasting silence awaits you..."
Gungar's ghost hits you!
You completely miss gungar's ghost. You tail-slap gungar's ghost.
Gungar's ghost is moderately damaged.
Gungar's ghost hits you!
* * * LOW HITPOINT WARNING * * *
Gungar's ghost hits you!
You die...

.................................
.................................
..##........................#####
..##................#+#..........
..#######...........#.##.........
......................##.........
..######..............##.........
................W.....##.........
............<.#.@.....#......#...
)................##...#......#...
.................####.#..........
..#...#..........####.#..........
......#..........#....#..........
......#..........................
......#####......................
......รท..........................
.....#.......#.........######....


You could see gungar's ghost.

Vanquished Creatures
  An orc priest (D:4)
  An iguana (D:4)
  Robin (D:3)
  4 gnolls (D:2)
  2 adders
  An ooze (D:1)
  2 dart slugs
  4 leopard geckos
  10 orcs
  2 giant cockroaches
  2 gnoll zombies (D:4)
  9 hobgoblins
  3 quokkas
  2 ball pythons
  5 bats
  5 frilled lizards
  13 goblins
  13 kobolds
  9 rats
89 creatures vanquished.

Notes
Turn   | Place    | Note
-------+----------+-------------------------------------------
     0 | D:1      | Minion the Draconian Fighter began the quest for the Orb.
     0 | D:1      | Reached XP level 1. HP: 19/19 MP: 1/1
   243 | D:1      | Reached XP level 2. HP: 26/26 MP: 2/2
   779 | D:2      | Reached XP level 3. HP: 31/31 MP: 3/3
  1708 | D:2      | Reached XP level 4. HP: 32/40 MP: 4/4
  2281 | D:3      | Noticed Robin
  2301 | D:3      | Killed Robin
  2607 | D:3      | Found a bloodstained altar of Trog.
  2773 | D:3      | Reached XP level 5. HP: 45/46 MP: 5/5
  3404 | D:4      | Found a basalt altar of Yredelemnul.
  3653 | D:4      | Found a shattered altar of Ashenzari.
  3654 | D:4      | Found a glowing golden altar of the Shining One.
  3659 | D:4      | Became a worshipper of the Shining One
  3663 | D:4      | Found a staircase to the Ecumenical Temple.
  3739 | D:4      | Noticed gungar's ghost (amateur TrBe)
  3748 | D:4      | HP: 2/46 [gungar's ghost (14)]
  3748 | D:4      | Mangled by gungar's ghost

Skill      XL: |  1  2  3  4  5 |
---------------+----------------+-----
Axes           | 3 4 |  4.7
Dodging        | 3 |  3.7
Fighting       | 4 |  4.2
Shields        | |  3.0

Action                   |  1- 3 |  4- 6 || total
-------------------------+-------+-------++-------
Melee: War axe           |    96 |   128 ||   224
       Tailslap          |    11 |    15 ||    26
       Trident           |       |     5 ||     5
  Use: Scroll            |       |     7 ||     7
 Stab: Sleeping          |     5 |     1 ||     6
  Eat: Chunk             |     2 |     3 ||     5
       Bread ration      |       |     1 ||     1
Armor: Skin              |    18 |    47 ||    65
Dodge: Dodged            |    83 |   120 ||   203
Block: Shield            |     4 |       ||     4
